Map: Ruins of Seras

Players

MelloW (Nina)

  • Race: Protoss Protoss
  • League: Grandmaster

LiquidTLO (TLO) - Winner!

  • Race: Zerg Zerg
  • League: Grandmaster

Event: puCK vs TLO Bo9 (Matcherino)

VOD

Have the link to the VOD?

Description

Time

  • Played on: Nov. 17, 2015, 12:40 p.m.
  • Length: 10:14

All games in this series

Show
View Real Time Build Order
Export as new Build Order

MelloW Protoss 

Build Orders: Nexus First, Blink Stalkers 

Get SALT Encoding   

  12  0:01  Probe (Chrono Boost)  
  13  0:11  Probe (Chrono Boost)  
  14  0:19  Pylon  
  14  0:23  Probe (Chrono Boost)  
  15  0:38  Probe (Chrono Boost)  
  16  0:48  Probe (Chrono Boost)  
  17  0:59  Probe (Chrono Boost)  
  17  1:03  Nexus  
  18  1:09  Probe (Chrono Boost)  
  19  1:17  Gateway  
  19  1:20  Probe (Chrono Boost)  
  19  1:24  Assimilator  
  20  1:31  Probe (Chrono Boost)  
  21  1:32  Assimilator  
  21  1:41  Pylon  
  21  1:42  Probe (Chrono Boost)  
  22  1:52  Probe (Chrono Boost)  
  23  2:03  Gateway, Probe (Chrono Boost)  
  24  2:09  Cybernetics Core  
  24  2:13  Probe (Chrono Boost)  
  26  2:15  Probe (Chrono Boost)  
  26  2:24  Probe (Chrono Boost)  
  26  2:26  Probe (Chrono Boost)  
  28  2:34  Probe (Chrono Boost)  
  28  2:36  Probe (Chrono Boost)  
  30  2:45  Probe (Chrono Boost)  
  30  2:47  Adept (Chrono Boost)  
  30  2:49  Warp Gate  
  30  2:50  Adept (Chrono Boost)  
  35  2:51  Probe  
  36  2:58  Twilight Council  
  36  3:00  Probe (Chrono Boost)  
  36  3:04  Probe (Chrono Boost)  
  38  3:12  Probe (Chrono Boost), Adept  
  41  3:15  Probe (Chrono Boost)  
  44  3:24  Probe (Chrono Boost), Pylon  
  43  3:27  Probe (Chrono Boost)  
  43  3:29  Blink (Chrono Boost)  
  43  3:30  Robotics Facility  
  44  3:34  Probe (Chrono Boost)  
  44  3:36  Probe  
  46  3:41  Gateway  
  46  3:46  Probe, Pylon  
  46  3:48  Probe  
  48  3:57  Mothership Core  
  48  3:58  Probe  
  49  4:10  Probe  
  49  4:15  Assimilator x2  
  49  4:17  Gateway x2, Probe  
  48  4:20  Gateway, Observer (Chrono Boost)  
  51  4:26  Gateway  
  51  4:29  Gateway  
  51  4:35  Pylon  
  50  4:41  Warp Prism (Chrono Boost)  
  52  4:53  Pylon  
  52  4:54  Stalker  
  52  4:55  Stalker  
  56  5:07  Stalker  
  58  5:16  Observer (Chrono Boost)  
  59  5:22  Stalker x4  
  67  5:28  Pylon  
  67  5:29  Pylon x2  
  67  5:39  Stalker x3  
  73  5:46  Pylon x2  
  73  5:47  Stalker x2  
  77  6:05  Stalker x4  
  83  6:30  Stalker  
  72  6:36  Warp Prism (Chrono Boost)  
  62  6:43  Stalker  
  62  6:44  Stalker x5  
  62  6:45  Stalker  
  70  6:49  Stalker  
  67  7:09  Adept x2  
  67  7:10  Adept x2  
  67  7:12  Nexus  
  75  7:15  Adept  
  65  7:32  Stalker x6  
  76  7:39  Sentry x2  
  73  7:57  Sentry x2  
  73  8:03  Probe  
  73  8:04  Probe  
  75  8:09  Sentry x2  
  79  8:14  Nexus  
  79  8:15  Probe  
  79  8:18  Pylon x2  
  79  8:19  Pylon  
  80  8:20  Sentry  
  82  8:36  Sentry x2  
  86  8:47  Adept x3  
  86  8:48  Adept  
  94  8:51  Forge  
  94  8:57  Observer (Chrono Boost)  
  94  9:01  Forge  
  95  9:03  Pylon  
  95  9:09  Adept x3  
  101  9:10  Adept  
  101  9:11  Adept  
  103  9:23  Stalker x2  
  99  9:25  Stalker  
  99  9:30  Sentry  
  103  9:49  Adept  
  103  9:50  Adept x2  
  103  9:51  Adept x2  
  113  9:54  Adept  
Show
View Real Time Build Order
Export as new Build Order

LiquidTLO Zerg - Winner!

Build Orders: Hatch First 

Get SALT Encoding   

  12  0:01  Drone  
  13  0:12  Overlord  
  13  0:18  Drone  
  14  0:30  Drone  
  14  0:31  Drone  
  16  0:52  Hatchery  
  16  0:55  Drone  
  16  0:58  Drone  
  17  1:11  Spawning Pool  
  17  1:15  Drone  
  17  1:18  Drone  
  18  1:38  Hatchery  
  17  1:42  Drone  
  18  1:47  Drone  
  18  1:52  Drone  
  20  1:59  Queen  
  22  2:07  Queen  
  24  2:10  Drone  
  24  2:13  Drone  
  26  2:16  Drone  
  26  2:19  Drone  
  28  2:23  Overlord  
  28  2:31  Extractor  
  28  2:32  Drone x2, Extractor  
  30  2:42  Overlord  
  30  2:43  Queen  
  32  2:48  Drone x2  
  34  2:53  Queen  
  34  2:55  Drone  
  34  2:58  Drone  
  38  3:00  Drone  
  38  3:02  Extractor  
  38  3:04  Drone, Extractor  
  38  3:06  Drone  
  38  3:08  Drone  
  38  3:11  Drone  
  41  3:14  Overlord  
  41  3:17  Drone  
  41  3:19  Drone  
  43  3:21  Drone  
  43  3:22  Drone  
  45  3:28  Queen  
  45  3:32  Drone  
  45  3:34  Drone  
  49  3:37  Drone x2  
  49  3:40  Drone  
  52  3:45  Drone, Zergling x2  
  54  3:50  Drone  
  54  3:52  Drone  
  54  3:53  Evolution Chamber, Zergling x2  
  54  3:54  Evolution Chamber  
  55  3:58  Drone  
  55  4:00  Drone  
  55  4:01  Drone  
  58  4:07  Drone  
  56  4:19  Overlord x2, Zerg Ground Armor Level 1  
  56  4:20  Overlord  
  56  4:23  Drone  
  57  4:29  Zerg Melee Weapons Level 1  
  57  4:33  Spore Crawler  
  57  4:36  Drone x2  
  57  4:37  Spore Crawler  
  57  4:39  Drone x3, Spore Crawler  
  57  4:40  Zergling x4  
  57  4:43  Drone x2  
  57  4:45  Drone  
  64  4:46  Drone  
  64  4:47  Drone  
  64  4:49  Zergling x2  
  67  4:57  Metabolic Boost  
  67  4:58  Drone x2  
  67  4:59  Drone x3  
  72  5:03  Extractor  
  72  5:04  Drone, Extractor  
  72  5:06  Zergling x2  
  72  5:07  Zergling x2  
  72  5:10  Drone x2  
  72  5:11  Zergling x4  
  72  5:12  Overlord  
  77  5:16  Lair  
  77  5:17  Zergling x2  
  77  5:19  Zergling x2  
  78  5:22  Zergling x2  
  78  5:23  Zergling x2  
  78  5:24  Baneling Nest, Zergling x2  
  78  5:26  Zergling x2  
  81  5:30  Overlord x2  
  81  5:32  Zergling x2  
  81  5:35  Zergling x2  
  83  5:38  Zergling x2  
  83  5:39  Zergling x4  
  83  5:41  Zergling x2  
  83  5:42  Zergling x4  
  89  5:47  Overlord  
  89  5:49  Zergling x6  
  92  5:50  Zergling x2  
  92  5:51  Zergling x2  
  92  5:53  Queen  
  96  5:57  Zergling x6  
  96  5:59  Zergling x2  
  96  6:00  Zergling x4  
  96  6:02  Zergling x2  
  103  6:04  Zergling x2  
  103  6:06  Spore Crawler  
  103  6:08  Spore Crawler  
  103  6:09  Zergling x2  
  103  6:12  Zergling x4  
  103  6:17  Zergling x2  
  103  6:19  Zergling x6  
  103  6:23  Zergling x2  
  103  6:24  Zergling x2  
  103  6:26  Zergling x2  
  103  6:27  Zergling x4  
  103  6:28  Zergling x6  
  103  6:29  Queen, Zergling x2  
  109  6:35  Zergling x2  
  109  6:36  Queen  
  109  6:41  Zergling x4  
  109  6:44  Zerg Melee Weapons Level 2  
  109  6:47  Infestation Pit  
  109  6:50  Zerg Ground Armor Level 2  
  109  6:54  Drone  
  109  6:57  Drone  
  109  6:58  Drone x2  
  109  6:59  Drone  
  113  7:01  Overlord  
  113  7:09  Drone  
  113  7:14  Spire, Extractor  
  113  7:15  Drone, Extractor  
  112  7:16  Drone  
  112  7:17  Drone  
  112  7:21  Zergling x2  
  112  7:22  Zergling x4  
  113  7:25  Drone  
  113  7:26  Drone  
  113  7:27  Hatchery, Drone x2, Zergling x2  
  113  7:28  Drone  
  107  7:32  Zergling x2  
  107  7:33  Baneling  
  107  7:34  Baneling x6  
  105  7:38  Drone x2  
  105  7:42  Hive  
  105  7:44  Zergling x4  
  105  7:51  Zergling x2  
  98  7:54  Zergling x2  
  98  7:56  Zergling x2  
  98  7:57  Zergling x18  
  103  8:04  Zergling x4  
  104  8:10  Zergling x2  
  104  8:11  Zergling x2  
  107  8:12  Zergling x2  
  107  8:13  Zergling x4  
  107  8:14  Zergling x2  
  107  8:18  Zergling x2  
  111  8:20  Drone  
  111  8:21  Drone, Extractor  
  111  8:22  Drone x3  
  111  8:24  Drone x3, Extractor  
  117  8:32  Mutalisk x2  
  121  8:37  Overlord  
  119  8:49  Mutalisk x2, Spine Crawler  
  119  8:50  Mutalisk x2  
  126  8:58  Drone  
  126  9:00  Ultralisk Cavern  
  126  9:05  Zergling x2  
  126  9:07  Mutalisk  
  128  9:10  Zergling x4  
  128  9:11  Zergling x2  
  128  9:12  Spore Crawler  
  128  9:13  Zergling x2  
  128  9:16  Mutalisk x2  
  132  9:18  Mutalisk  
  132  9:22  Mutalisk  
  132  9:23  Zergling x2  
  126  9:26  Baneling  
  126  9:27  Zergling x4, Baneling x3  
  126  9:29  Zergling x2  
  130  9:31  Zergling x4  
  130  9:32  Zergling x2  
  130  9:35  Zergling x6  
  136  9:38  Zergling x2  
  136  9:40  Overlord  
  136  9:44  Baneling x2  

Tags
 
Add a new tag
Caveats
  • Supply blocks, unpowered buildings, or Contaminate may cause inaccurate times.
  • Supply counts are checked every 10 seconds.